 Dungeon Crawl Stone Soup version 0.30.2 (webtiles) character file.

Game seed: 17684322736507830364

36883 porpoise the Fighter (level 13, -1/86 HPs)
             Began as a Gargoyle Earth Elementalist on Feb 3, 2024.
             Was an Elder of Vehumet.
             Slain by Rupert
             ... wielding a +4 great mace of venom
              (21 damage)
             ... on level 3 of the Lair of Beasts on Feb 4, 2024.
             The game lasted 01:32:43 (18207 turns).

porpoise the Fighter (Gargoyle Earth Elementalist) Turns: 18207, Time: 01:32:43

Health: -1/86      AC: 23    Str: 20    XL:     13   Next: 93%
Magic:  23/23      EV: 13    Int: 21    God:    Vehumet [****..]
Gold:   340        SH:  0    Dex: 10    Spells: 11/26 levels left

rFire   . . .        w - +6 hand axe "Muhyll" {spect, rC+ Str+4}
rCold   + . .        (no shield)
rNeg    + . .        v - +0 acid dragon scales
rPois   ∞            (no helmet)
rElec   +            t - +2 cloak "Onlaver" {+Blink rPois Str-2}
rCorr   +            n - +0 pair of gloves
SInv    .            M - +0 pair of boots
Will    .....        F - amulet of regeneration
Stlth   +++          i - +6 ring of strength
HPRegen 1.14/turn    (no ring)
MPRegen 0.18/turn

%: no passive effects
@: attractive
A: sickness immunity, AC +9, negative energy resistance 1, electricity
resistance, torment resistance 1, petrification resistance
a: Renounce Religion, Evoke Blink


You were on level 3 of the Lair of Beasts.
You worshipped Vehumet.
Vehumet was greatly pleased with you.
You visited 2 branches of the dungeon, and saw 15 of its levels.
You also visited: Bailey.

You collected 1020 gold pieces.
You spent 680 gold pieces at shops.

Inventory:

Hand Weapons
 a - a +2 dagger of venom
 b - the +3 sling of a Billion Blessings {drain, rC- rN++ rCorr Int+3}
   (You found it on level 11 of the Dungeon)

   Int:       It affects your intelligence (+3).
   rC:        It makes you vulnerable to cold.
   rN:        It greatly protects you from negative energy.
   rCorr:     It protects you from acid and corrosion.
 w - the +6 hand axe "Muhyll" (weapon) {spect, rC+ Str+4}
   (You took it off an orc in a bailey)

   Str:       It affects your strength (+4).
   rC:        It protects you from cold.
 A - a +6 short sword
 I - a +2 trident of venom
 J - a +6 broad axe
Missiles
 e - 11 poisoned darts
 p - 2 javelins
 H - 6 curare-tipped darts (quivered)
 K - 8 boomerangs
Armour
 c - a +0 troll leather armour
 n - a +0 pair of gloves (worn)
 t - the +2 cloak "Onlaver" (worn) {+Blink rPois Str-2}
   (You found it on level 2 of the Lair of Beasts)

   Str:       It affects your strength (-2).
   rPois:     It protects you from poison.
   +Blink:    It lets you blink.
 v - +0 acid dragon scales (worn)
 B - +0 steam dragon scales
 M - a +0 pair of boots (worn)
 P - a +0 cloak
Magical Staves
 x - a staff of cold
 G - a staff of death
Jewellery
 i - a +6 ring of strength (left hand)
 F - an amulet of regeneration (around neck)
Wands
 q - a wand of roots (2)
 u - a wand of digging (4)
 C - a wand of flame (7)
Scrolls
 d - a scroll of fear
 f - 6 scrolls of identify
 g - 4 scrolls of enchant weapon
 h - 2 scrolls of vulnerability
 k - 3 scrolls of magic mapping
 l - 3 scrolls of fog
 m - 4 scrolls of enchant armour
 z - a scroll of immolation
 L - a scroll of silence
 O - a scroll of blinking
Potions
 j - 6 potions of brilliance
 o - 3 potions of cancellation
 r - 3 potions of flight
 y - 3 potions of magic


   Skills:
 + Level 12.1 Fighting
 - Level 5.4 Short Blades
 - Level 7.0 Armour
 - Level 7.0 Dodging
 - Level 7.0 Stealth
 - Level 7.0 Spellcasting
 - Level 9.0 Conjurations
 - Level 7.0 Hexes
 - Level 0.7 Transmutations
 - Level 0.1 Air Magic
 - Level 9.2 Earth Magic
 - Level 5.0 Evocations


You had 11 spell levels left.
You knew the following spells:

 Your Spells              Type           Power      Damage    Failure   Level
a - Sandblast             Erth           92%        2d19      1%          1
b - Stone Arrow           Conj/Erth      90%        3d12      1%          3
c - Fulminant Prism       Conj/Hex       20%        3d12      1%          4
d - Lee's Rapid Deconstr  Erth           23%        3d13*     1%          5
s - Searing Ray           Conj           90%        2d7       1%          2

Your spell library contained the following spells:

 Spells                   Type           Power      Damage    Failure   Level
 Passwall                 Tmut/Erth      23%        N/A       2%          2
 Inner Flame              Hex/Fire       22%        N/A       2%          3
 Iskenderun's Mystic Bla  Conj/Tloc      26%        2d7       4%          4
 Volatile Blastmotes      Fire/Tloc      14%        2d11      9%          3
 Apportation              Tloc           14%        N/A       11%         1
 Necrotise                Necr           28%        1d5       11%         1
 Summon Small Mammal      Summ           28%        N/A       11%         1
 Arcjolt                  Conj/Air       13%        1d23      13%         5
 Petrify                  Tmut/Erth      28%        N/A       14%         4
 Yara's Violent Unravell  Hex/Tmut       11%        3d6       16%         5
 Airstrike                Air            3%         2d(1-17)  26%         4
 Anguish                  Hex/Necr       11%        N/A       26%         4
 Ozocubu's Armour         Ice            7%         N/A       32%         3
 Vampiric Draining        Necr           7%         2d6       32%         3
 Dispel Undead            Necr           7%         3d8       71%         4
 Summon Lightning Spire   Summ/Air       7%         N/A       71%         4
 Enfeeble                 Hex            18%        N/A       99%         7
 Death Channel            Necr           3%         N/A       100%        6
 Ozocubu's Refrigeration  Ice            3%         4d8       100%        7
 Cigotuvi's Dreadful Rot  Necr/Pois/Air  Unusable   N/A       N/A         2

Dungeon Overview and Level Annotations

Branches:
Dungeon (12/15)            Temple (0/1) D:7            Lair (3/5) D:10
    Orc (0/2) D:10         Bailey (visited)
  Swamp: Lair:2-3    Shoals: Lair:2-3     Snake: Lair:2-3    Spider: Lair:2-3

Altars:
Ashenzari
Elyvilon
Fedhas
Hepliaklqana
Okawaru
Vehumet
Wu Jian
Xom

Shops:
D:7 [   D:8 *   D:9 [!:[:   D:10 [

Annotations:
D:2 Sigmund
D:9 exclusion: oklob plant
Lair:3 Rupert


Innate Abilities, Weirdness & Mutations

You are immune to sickness and miasma.
Your stone body is resilient. (AC +9)
You are immune to poison.
You resist negative energy. (rN+)
You are resistant to electric shocks. (rElec)
You are resistant to unholy torment.
You are immune to petrification.


Message History

Rupert is lightly wounded.
Your +6 hand axe "Muhyll" {spect, rC+ Str+4} hits Rupert!
Rupert hits you with a +4 great mace of venom.
You barely miss Rupert.
Rupert is moderately wounded.
Your +6 hand axe "Muhyll" {spect, rC+ Str+4} hits Rupert but does no damage.
Rupert roars madly and goes into a rage!
Rupert goes berserk!
Rupert misses you.
You hit Rupert but do no damage.
Rupert is moderately wounded.
Your +6 hand axe "Muhyll" {spect, rC+ Str+4} hits Rupert but does no damage.
Rupert closely misses you.
Rupert hits you with a +4 great mace of venom.
Unknown command.
You barely miss Rupert.
Rupert is moderately wounded.
Your +6 hand axe "Muhyll" {spect, rC+ Str+4} hits Rupert.
Rupert barely misses you.
Rupert hits you with a +4 great mace of venom.
You hit Rupert.
Rupert is moderately wounded.
Your +6 hand axe "Muhyll" {spect, rC+ Str+4} hits Rupert.
Rupert hits you with a +4 great mace of venom!
Unknown command.
You slash Rupert!
Rupert is moderately wounded.
Your +6 hand axe "Muhyll" {spect, rC+ Str+4} hits Rupert but does no damage.
Rupert barely misses your +6 hand axe "Muhyll" {spect, rC+ Str+4}.
Rupert hits your +6 hand axe "Muhyll" {spect, rC+ Str+4} with a +4 great mace of venom!!
Your spectral weapon shares its damage with you!
It was a potion of attraction.
You feel attractive to monsters.
Your +6 hand axe "Muhyll" {spect, rC+ Str+4} disappears.
Rupert barely misses you.
Rupert hits you with a +4 great mace of venom!!!
* * * LOW HITPOINT WARNING * * *
You hear a croak.
You feel better.
Rupert hits you with a +4 great mace of venom!!
You die...

#.....).## ..#.....
#......## ........
#.<.....# .......
#...<....## #....#
##......P... #....#
##...........
#...####....>.......
#...##.#.#..........
#.@@................
#...................
#...................
#.......####.###.....
#......## ####.#....
#........ ###....
#........## #....
.......... #....
..... #....


You could see Rupert (berserk).

Vanquished Creatures
  An orc warlord (Bailey)
  Fannar (D:11)
  5 two-headed ogres
  Sonja (D:11)
  A skyshark (Lair:1)
  An orc knight (Bailey)
  3 elephants (Lair:1)
  3 black mambas
  9 cane toads
  A gargoyle (D:10)
  2 kobold demonologists
  3 rime drakes
  5 komodo dragons
  A troll (D:11)
  Prince Ribbit (D:4)
  A hornet (D:10)
  13 blink frogs
  2 slime creatures (D:11)
  2 wraiths
  Eustachio (D:4)
  19 yaks
  2 steam dragons
  4 vampire mosquitoes (D:10)
  Menkaure (D:5)
  Edmund (D:5)
  7 water moccasins
  An acid dragon (D:5)
  6 black bears
  5 ice beasts
  17 orc warriors
  3 sky beasts
  An ogre (D:7)
  15 wolves (Lair:1)
  4 centaurs
  2 phantoms (D:5)
  11 bullfrogs
  4 gnoll sergeants
  3 scorpions
  4 wights (D:6)
  6 killer bees (D:9)
  11 howler monkeys
  3 jellies
  2 gnoll boudas
  3 orc priests
  An iguana (D:5)
  A sleepcap (D:6)
  10 orc wizards
  19 gnolls
  8 adders
  A shadow imp (D:4)
  4 white imps
  4 worms
  3 dart slugs
  46 orcs
  5 ball pythons
  9 endoplasms
  3 giant cockroaches (D:1)
  18 goblins
  14 hobgoblins
  4 jackals (D:1)
  6 kobolds
  3 quokkas
  4 bats
  A frilled lizard (D:1)
  4 rats
360 creatures vanquished.

Vanquished Creatures (others)
  An orc warrior (Bailey)
  A kobold brigand (D:9)
  A howler monkey (D:11)
  A hound (D:7)
  An ufetubus (D:6)
  An orc (Bailey)
  7 fulminant prisms
13 creatures vanquished.

Grand Total: 373 creatures vanquished

Notes
Turn   | Place    | Note
-------+----------+-------------------------------------------
     0 | D:1      | porpoise the Gargoyle Earth Elementalist began the quest
                  | for the Orb.
     0 | D:1      | Reached XP level 1. HP: 10/10 MP: 3/3
   315 | D:1      | Reached XP level 2. HP: 15/15 MP: 3/5
   563 | D:1      | Found a faded altar of an unknown god.
   564 | D:1      | Noticed a floating eye
   566 | D:1      | Noticed a great orb of eyes
   566 | D:1      | Noticed a golden eye
   566 | D:1      | Noticed a golden eye
   935 | D:1      | Reached XP level 3. HP: 19/19 MP: 4/6
  1391 | D:2      | Noticed Sigmund
  1541 | D:2      | Noticed a scorpion
  1550 | D:2      | Killed a scorpion
  1551 | D:2      | Reached skill level 5 in Earth Magic
  1551 | D:2      | Reached XP level 4. HP: 24/24 MP: 1/9
  1754 | D:2      | Reached XP level 5. HP: 28/28 MP: 7/10
  2097 | D:2      | Learned a level 3 spell: Stone Arrow
  2744 | D:4      | Reached skill level 1 in Conjurations
  2744 | D:4      | Reached XP level 6. HP: 30/32 MP: 4/11
  2887 | D:4      | Noticed a black bear
  2891 | D:4      | Killed a black bear
  3020 | D:4      | Found an iron altar of Okawaru.
  3258 | D:4      | Found an ornate altar of the Wu Jian Council.
  3272 | D:4      | Noticed a spectral centipede
  3272 | D:4      | Noticed a spectral black mamba
  3272 | D:4      | Noticed a spectral cane toad
  3431 | D:5      | Entered Level 5 of the Dungeon
  3447 | D:5      | Noticed Eustachio
  3450 | D:5      | Noticed Prince Ribbit
  3717 | D:4      | Reached XP level 7. HP: 21/36 MP: 8/12
  3824 | D:4      | Killed Prince Ribbit
  3932 | D:4      | Killed Eustachio
  3933 | D:4      | Reached skill level 5 in Stealth
  4020 | D:5      | Reached skill level 1 in Fighting
  4020 | D:5      | Reached XP level 8. HP: 43/43 MP: 7/14
  4141 | D:5      | Reached skill level 2 in Fighting
  4260 | D:5      | Found a radiant altar of Vehumet.
  4278 | D:5      | Became a worshipper of Vehumet
  4300 | D:5      | Noticed Menkaure
  4304 | D:5      | Killed Menkaure
  4355 | D:5      | Reached skill level 3 in Fighting
  4355 | D:5      | Reached skill level 5 in Spellcasting
  4355 | D:5      | Reached skill level 5 in Conjurations
  4553 | D:5      | Noticed a yak
  4564 | D:5      | Killed a yak
  4596 | D:5      | Noticed a yak
  4600 | D:5      | Noticed a yak
  4602 | D:5      | Noticed a yak
  4604 | D:5      | Killed a yak
  4605 | D:5      | Reached skill level 4 in Fighting
  4605 | D:5      | Noticed a yak
  4606 | D:5      | Noticed a yak
  4607 | D:5      | Killed a yak
  4608 | D:5      | Reached XP level 9. HP: 52/52 MP: 10/16
  4820 | D:5      | Noticed Edmund
  4828 | D:5      | Killed Edmund
  4829 | D:5      | Reached skill level 5 in Fighting
  5733 | D:6      | Reached * piety under Vehumet
  5733 | D:6      | Offered knowledge of Shock by Vehumet.
  6192 | D:6      | Reached XP level 10. HP: 59/59 MP: 15/19
  6402 | D:6      | Found a white marble altar of Elyvilon.
  6402 | D:6      | Found a shimmering altar of Xom.
  6742 | D:7      | Found Voiff's Armour Emporium.
  6749 | D:7      | Reached skill level 5 in Dodging
  6830 | D:7      | Found a staircase to the Ecumenical Temple.
  6848 | D:7      | Reached skill level 1 in Armour
  7042 | D:7      | Reached ** piety under Vehumet
  7047 | D:7      | Offered knowledge of Searing Ray by Vehumet.
  7656 | D:8      | Found a blossoming altar of Fedhas.
  7704 | D:8      | Identified the +1 chain mail "Rovenwyowoy" {rC+}
  8261 | D:8      | Reached skill level 5 in Armour
  8264 | D:8      | Learned a level 2 spell: Searing Ray
  8714 | D:8      | Found Ymumuw's Assorted Antiques.
  8719 | D:8      | Bought a tiny fluorescent amulet for 160 gold pieces
  8760 | D:9      | Noticed a kobold demonologist
  8760 | D:9      | Noticed a kobold demonologist
  8763 | D:9      | Noticed a sun demon
  8871 | D:9      | Offered knowledge of Hailstorm by Vehumet.
  8872 | D:9      | Found a broken altar of Ashenzari.
  8887 | D:9      | Found a flagged portal.
  8897 | Bailey   | Entered a bailey
  8939 | Bailey   | Reached XP level 11. HP: 51/64 MP: 10/21
  9404 | Bailey   | Reached skill level 1 in Evocations
  9480 | Bailey   | Reached *** piety under Vehumet
  9543 | Bailey   | Identified the +6 hand axe "Muhyll" {spect, rC+ Str+4}
  9674 | Bailey   | Noticed an orc knight
  9693 | Bailey   | Killed an orc knight
  9694 | Bailey   | Reached skill level 6 in Fighting
  9719 | Bailey   | Offered knowledge of Iskenderun's Mystic Blast by Vehumet.
  9777 | Bailey   | Noticed an orc warlord
  9837 | Bailey   | Killed an orc warlord
 10669 | D:9      | Noticed an oklob plant
 10672 | D:9      | Found Ziddekkiz's Book Emporium.
 10680 | D:9      | Bought a book of Blasting for 520 gold pieces
 10686 | D:9      | Learned a level 5 spell: Lee's Rapid Deconstruction
 10691 | D:9      | Learned a level 4 spell: Fulminant Prism
 10728 | D:9      | Found Usiuti's Book Shop.
 10915 | D:9      | Found a hazy altar of Hepliaklqana.
 11007 | D:9      | Reached skill level 7 in Fighting
 11007 | D:9      | Reached XP level 12. HP: 72/72 MP: 22/22
 11140 | D:9      | Found Ynisell's Armour Shoppe.
 11220 | D:9      | Noticed a two-headed ogre
 11226 | D:9      | Killed a two-headed ogre
 11305 | D:9      | Found Vequusup's Distillery.
 11443 | D:9      | Found Ehujol's Armour Emporium.
 11604 | D:10     | Entered Level 10 of the Dungeon
 11644 | D:10     | Noticed a two-headed ogre
 11652 | D:10     | Killed a two-headed ogre
 11898 | D:10     | Reached **** piety under Vehumet
 11948 | D:10     | Got Urpham's Annotations on the Deathly Welkin
 11955 | D:10     | Found Xituw's Armour Emporium.
 12112 | D:10     | Found a staircase to the Orcish Mines.
 12117 | D:10     | Offered knowledge of Airstrike by Vehumet.
 12157 | D:10     | Learned a level 4 spell: Airstrike
 12208 | D:10     | Noticed a two-headed ogre
 12216 | D:10     | Killed a two-headed ogre
 12217 | D:10     | Reached skill level 5 in Hexes
 12374 | D:10     | Found a staircase to the Lair.
 12784 | D:10     | Noticed a two-headed ogre
 12790 | D:10     | Killed a two-headed ogre
 12980 | D:11     | Noticed Sonja
 12984 | D:11     | Killed Sonja
 12985 | D:11     | Reached skill level 5 in Evocations
 13069 | D:11     | Identified the +3 sling of a Billion Blessings {drain, rC-
                  | rN++ rCorr Int+3}
 13335 | D:11     | Noticed a two-headed ogre
 13336 | D:11     | Noticed Fannar
 13691 | D:11     | Reached XP level 13. HP: 77/77 MP: 7/23
 13821 | D:11     | HP: 1/77 [two-headed ogre/+0 giant spiked club (16)]
 13843 | D:11     | HP: 2/77 [two-headed ogre/+0 giant spiked club (4)]
 13862 | D:11     | Killed Fannar
 15144 | Lair:1   | Entered Level 1 of the Lair of Beasts
 15178 | Lair:1   | Reached skill level 8 in Fighting
 15394 | Lair:1   | Reached skill level 5 in Short Blades
 15960 | Lair:1   | Reached skill level 9 in Fighting
 16194 | Lair:1   | Reached skill level 10 in Fighting
 17033 | Lair:2   | Reached skill level 11 in Fighting
 17179 | Lair:2   | Found a blossoming altar of Fedhas.
 17498 | Lair:2   | Identified the +2 cloak "Onlaver" {+Blink rPois Str-2}
 18113 | Lair:3   | Reached skill level 12 in Fighting
 18190 | Lair:3   | Noticed Rupert
 18207 | Lair:3   | Slain by Rupert

Illustrated notes

Levels and vault maps discovered:
D:1:      pf_arrival_petrified_forest, layout_basic,
          hellmonk_ecumenical_altar_watching_god
D:2:      layout_rooms, uniq_sigmund
D:3:      layout_rooms
D:4:      layout_cave_pools, pdpol_wu_jian_five_deadly_venoms,
          okawaru_gym_becter
D:5:      layout_basic, nicolae_vehumet_altar_sigil, corexii_hall_statues_i,
          uniq_eustachio, uniq_menkaure, uniq_prince_ribbit1, uniq_edmund
D:6:      layout_rooms, gammafunk_temple_overflow_statue, nicolae_grassy_gnolls
D:7:      layout_rooms, minmay_temple_entry_statues_pillars, serial_shops,
          shop_statue
D:8:      layout_basic, fedhas_altar_1, serial_shops, nicolae_shop_peninsula,
          minmay_bent
D:9:      lemuel_slime, layout_stronghold, evilmike_ruin_ashenzari,
          mainiacjoe_overflow_concentric_impassable, serial_shops, shop, shop,
          kennysheep_mini, shop, shop, enter_bailey_2, glass_columns_c
D:10:     layout_cave_pods, grunt_lair_entry_orc_guard_hut, orc_david_3,
          serial_column_ruins, column_ruins_pillar_12, column_ruins_pillar_3,
          column_ruins_pillar_2, column_ruins_pillar_6, column_ruins_pillar_6,
          column_ruins_pillar_6, column_ruins_pillar_3, column_ruins_pillar_2,
          column_ruins_pillar_1, column_ruins_pillar_6, column_ruins_pillar_2,
          column_ruins_pillar_1, hex_medium
D:11:     layout_layer_cave, nrook_loot_triangle, uniq_fannar, uniq_sonja
D:12:     nicolae_hitomezashi [nicolae_hito_row, nicolae_hito_row,
          nicolae_hito_row, nicolae_hito_row, nicolae_hito_row,
          nicolae_hito_row, nicolae_hito_row, nicolae_hito_row,
          nicolae_hito_row, nicolae_hito_row, nicolae_hito_row,
          nicolae_hito_row, nicolae_hito_row, nicolae_hito_row,
          nicolae_hito_row, nicolae_hito_row, nicolae_hito_row,
          nicolae_hito_row], layout_cave_pools
Lair:1:   layout_chaotic_city, beast_lair_carwin_10, infiniplex_staircase_pool
Lair:2:   layout_roguey, basic_altar, portal_ice_cave_rime
Lair:3:   layout_chaotic_city, skrybe_swamp_entry_bodies,
          nicolae_spider_entry_orb_guardian, uniq_rupert

Skill      XL: |  1  2  3  4  5  6  7  8  9 10 11 12 13 |
---------------+----------------------------------------+-----
Earth Magic    | 4 5 6 7 9 |  9.2
Spellcasting   | 3 4 5 6 7 |  7.0
Conjurations   | 1 2 4 6 7 9 |  9.0
Stealth        | 3 5 6 7 |  7.0
Fighting       | 1 4 5 7 12 | 12.1
Dodging        | 4 5 6 7 |  7.0
Armour         | 5 6 7 |  7.0
Evocations     | 3 5 |  5.0
Short Blades   | 3 4 5 |  5.4
Hexes          | 3 5 7 |  7.0
Transmutations | |  0.7
Air Magic      | |  0.1

Action                     |  1- 3 |  4- 6 |  7- 9 | 10-12 | 13-15 || total
---------------------------+-------+-------+-------+-------+-------++-------
  Melee: Dagger            |     3 |    20 |     2 |    45 |   424 ||   494
         Trident           |       |       |    12 |    29 |       ||    41
         Hand axe          |       |       |       |    10 |    14 ||    24
         Punch             |       |       |       |       |    11 ||    11
   Fire: Sling             |       |       |       |     8 |   139 ||   147
  Throw: Dart              |       |       |    20 |    43 |     8 ||    71
   Cast: Sandblast         |    51 |    75 |   101 |   206 |    65 ||   498
         Stone Arrow       |       |     1 |    15 |    75 |    13 ||   104
         Searing Ray       |       |       |       |     5 |     3 ||     8
         Lee's Rapid Decon |       |       |       |     9 |       ||     9
         Fulminant Prism   |       |       |       |     1 |     6 ||     7
  Evoke: Wand              |       |       |       |    17 |     1 ||    18
    Use: Scroll            |       |     6 |     3 |    21 |     1 ||    31
         Potion            |       |       |     1 |     1 |    15 ||    17
   Stab: Sleeping          |       |       |       |     3 |     1 ||     4
         Invisible         |       |       |       |       |     6 ||     6
 Armour: Robe              |     6 |    13 |     5 |       |       ||    24
         Acid dragon scale |       |       |    32 |   120 |   272 ||   424
  Dodge: Dodged            |     8 |    29 |    39 |   168 |   438 ||   682
